 Dungeon Crawl Stone Soup version 0.28-a0-1152-g9c71ebef14 (webtiles) character file.

Game seed: 12532241502410777996

122 spaghetti the Skirmisher (level 5, 0/59 HPs)
             Began as an Ogre Delver on Dec 14, 2021.
             Was a Follower of Cheibriados.
             Slain by an orc (8 damage)
             ... on level 3 of the Dungeon.
             The game lasted 00:03:34 (1608 turns).

spaghetti the Skirmisher (Ogre Delver)              Turns: 1608, Time: 00:03:34

Health: 0/59       AC:  3    Str: 16 (18) XL:     5   Next: 6%
Magic:  5/5        EV:  9    Int: 13 (15) God:    Cheibriados [*.....]
Gold:   69         SH:  0    Dex: 10 (12) Spells: 4/4 levels left

rFire   . . .      SeeInvis .   m - +3 whip {mace}
rCold   . . .      Faith    .   (no shield)
rNeg    . . .      Spirit   .   b - +0 robe
rPois   .          Reflect  .   (helmet restricted)
rElec   .          Harm     .   (no cloak)
rCorr   .          Rampage  .   (gloves unavailable)
Will    .....      Clarity  +   (boots unavailable)
Stlth   ++........              (no amulet)
HPRegen 0.19/turn               (no ring)
MPRegen 0.09/turn               (no ring)

@: very slow
A: large, unfitting armour, tough skin 1, clarity
a: Renounce Religion, Bend Time


You were on level 3 of the Dungeon.
You worshipped Cheibriados.
Cheibriados was aware of your devotion.
You visited 1 branch of the dungeon, and saw 4 of its levels.

You collected 69 gold pieces.


Innate Abilities, Weirdness & Mutations

You are too large for most types of armour.
You have tough skin. (AC +1)
You possess an exceptional clarity of mind.


   Skills:
 + Level 6.0 Fighting
 + Level 3.4 Maces & Flails
 - Level 1.7 Dodging
 - Level 3.7 Stealth


You had 4 spell levels left.
You didn't know any spells.
Your spell library was empty.

Inventory:

Hand Weapons
 a - a +0 mace {mace}
 m - a +3 whip (weapon) {mace}
   (You found it on level 5 of the Dungeon)
 n - a +1 hand axe of flaming {axe}
   (You took it off an orc on level 3 of the Dungeon)
Missiles
 i - 31 stones (quivered) {throwing}
 k - 21 sling bullets
 p - 18 arrows
Armour
 b - a +0 robe (worn)
Wands
 g - a wand of digging (3)
 h - a wand of charming (1)
   (You found it on level 6 of the Dungeon)
Scrolls
 d - a scroll of magic mapping {!r}
 e - a scroll of fear
Potions
 f - a potion of haste {@q3}
 j - a potion of mutation {!q}

Dungeon Overview and Level Annotations

Branches:
Dungeon (6/15)             Temple (0/1) D:4

Altars:
Cheibriados
Makhleb

Annotations:
D:5 Sigmund

.##### #..
#........#.#
....#####.
#.######.#.#
..)..... .##.#
#.#.# ....####
###.# #.#.#
.#### #.# #.#.#
## #)# #.# #)#
#.#
.#.#.#.######.#
.....oo...o@...#
..##.....#######
#......
#......##
###.[..# ###..#
#..# #..#


You could see an orc priest (ally target), an orc and a friendly orc wizard
(charmed).


Message History

😱 HP[+2] MP[+1]
You now have 50 max hp (+8).
You regained 2 hp, and now have 11/50 hp.
Your mp is fully restored (4).
Aiming: Iceblast
Press: ? - help, Shift-Dir - straight line, f - gnoll
Aim: a gnoll, wielding a +0 spear (blue smoke, severely wounded)
The mass of ice explodes!
The iceblast engulfs the gnoll!
You kill the gnoll!
Cheibriados appreciates the change of pace.
Your Maces & Flails skill increases to level 3! 😱 HP[+1] Unknown command.
Aiming: Iceblast
Press: ? - help, Shift-Dir - straight line, f - orc priest
Aim: an orc priest, wielding a +0 whip (blue smoke, moderately wounded)
The mass of ice explodes!
The iceblast engulfs the orc priest!!
You kill the orc priest!
Cheibriados thoroughly appreciates the change of pace.
You hear a shout!
You now have 52 max hp (+2).
You start resting.
An orc wizard comes into view. It is wielding a +0 dagger. 😱 HP[+1]
Aiming: Iceblast
Press: ? - help, Shift-Dir - straight line, f - orc wizard
Aim: an orc wizard, wielding a +0 dagger and wearing a +0 robe (blue smoke)
The mass of ice explodes!
The iceblast engulfs the orc wizard!
The now-empty wand crumbles to dust.
You hear a shout!
You don't have any such object.
Evoke which item? (* to show all) (? for menu, Esc to quit)
(Key replay ran out of keys) That's the wrong kind of item! (Use * to select it.) Evoke which item? (* to show all) (? for menu, Esc to quit)
That's the wrong kind of item! (Use * to select it.) Evoke which item? (* to show all) (? for menu, Esc to quit)
Okay, then.
Unknown command.
You hit the orc wizard but do no damage.
The orc wizard misses you.
You hit the orc wizard.
You kill the orc wizard!
Cheibriados appreciates the change of pace.
Your Fighting skill increases to level 6!
You have reached level 5! 😨 HP[+2] MP[+1]
You now have 59 max hp (+7).
You regained 2 hp, and now have 15/59 hp.
Your mp is fully restored (5).
Unknown command.
You start resting.
An orc wizard comes into view. It is wielding a +0 dagger. 😨 HP[+1]
Aiming: Charm
Press: ? - help, Shift-Dir - straight line, f - orc wizard
Aim: an orc wizard, wielding a +0 dagger and wearing a +0 robe (wandering, hasn't noticed you, chance to affect: 46%)
The orc wizard resists with some effort. 😨 HP[+1]
Aiming: Charm
Press: ? - help, Shift-Dir - straight line, f/p - orc wizard
Aim: an orc wizard, wielding a +0 dagger and wearing a +0 robe (blue smoke, chance to affect: 46%)
The orc wizard is charmed.
Items here: )) [ ††.
You swap places.
Items here: )))) ††.
An orc comes into view. It is wielding a +3 mace.
An orc priest comes into view. It is wielding a +0 club.
The orc moves out of view.
What are your orders? t - Shout!
Orders for allies: a - Attack new target. p - Attack previous target. r - Retreat! s - Stop attacking. g - Guard the area. f - Follow me.
Anything else - Cancel.
Gang up on whom?
Press: ? - help, Dir - move target, f - orc priest, p - orc wizard
Aim: an orc priest, wielding a +0 club Attack! 😨 HP[+1]
Your orc wizard hits the orc with a +0 dagger. x2
The orc priest closely misses your orc wizard.
Your orc wizard closely misses the orc priest.
The orc priest calls down the wrath of Beogh upon you.
Beogh smites you!
* * * LOW HITPOINT WARNING * * *
😱 HP[-10]
You take 10 damage, and now have 8/59 hp.
It was a potion of degeneration.
There was something very wrong with that liquid.
You feel weakened.
You feel dopey.
You feel clumsy.
Your orc wizard points at the orc priest and mumbles some strange words.
The magic dart hits the orc priest!
The orc priest hits your orc wizard with a +0 club.
Unknown command.
You barely miss the orc.
Your orc wizard gestures at the orc priest while chanting.
The puff of flame misses the orc priest.
The orc hits you with a +3 mace!
You die...

Skill      XL: |  1  2  3  4 |
---------------+-------------+-----
Maces & Flails | 2 3 |  3.4
Fighting       | 5 6 |  6.0
Dodging        | |  1.7
Stealth        | |  3.7

Action                   |  1- 3 |  4- 6 || total
-------------------------+-------+-------++-------
Melee: Whip              |    56 |     3 ||    59
       Mace              |     4 |       ||     4
Evoke: Wand              |     4 |     5 ||     9
  Use: Potion            |     2 |     1 ||     3
       Scroll            |     2 |       ||     2
 Stab: Sleeping          |     1 |       ||     1
Armor: Robe              |    15 |       ||    15
Dodge: Dodged            |    39 |     1 ||    40

Levels and vault maps discovered:
D:3:      minmay_general_purpose_star, layout_loops_ring,
          ebering_ecumenical_altar_sacrificial
D:4:      layout_gridville, ashenzari_conservatory_becter, temple_doors_cd
D:5:      layout_loops_cross, nicolae_overflow_quartered_altars, uniq_sigmund
D:6:      layout_loops_ring, vehumet_statue, lemuel_round_altar,
          overflow_temple_1_default, small_statue_alley_b, corexii_corridor_pit

Notes
Turn   | Place    | Note
-------+----------+-------------------------------------------
     0 | D:5      | spaghetti the Ogre Delver began the quest for the Orb.
     0 | D:5      | Reached XP level 1. HP: 24/24 MP: 1/1
     0 | D:5      | magus.rc [v1.9.6]
    17 | D:5      | Noticed Sigmund
   113 | D:6      | Found a snail-covered altar of Cheibriados.
   116 | D:6      | Noticed a sky beast
   131 | D:6      | Became a worshipper of Cheibriados the Contemplative
   313 | D:6      | Found a burning altar of Makhleb.
   525 | D:5      | Noticed an orc priest
   590 | D:4      | Gained mutation: You possess an exceptional clarity of
                  | mind. [potion of mutation]
   641 | D:4      | Found a staircase to the Ecumenical Temple.
   665 | D:4      | HP: 6/24 [orc (3)]
   670 | D:3      | HP: 5/24 [orc (1)]
  1124 | D:3      | Reached skill level 2 in Maces & Flails
  1210 | D:3      | Reached XP level 2. HP: 29/33 MP: 2/2
  1402 | D:3      | Reached XP level 3. HP: 27/41 MP: 3/3
  1572 | D:3      | Reached * piety under Cheibriados
  1573 | D:3      | Reached skill level 5 in Fighting
  1579 | D:3      | HP: 9/42 [gnoll (5)]
  1582 | D:3      | Reached XP level 4. HP: 11/50 MP: 4/4
  1583 | D:3      | Reached skill level 3 in Maces & Flails
  1592 | D:3      | Reached skill level 6 in Fighting
  1592 | D:3      | Reached XP level 5. HP: 15/59 MP: 5/5
  1606 | D:3      | HP: 8/59 [orc priest/divine providence (11)]
  1608 | D:3      | Slain by an orc

Vanquished Creatures
  An orc priest (D:3)
  An orc wizard (D:3)
  4 gnolls (D:3)
  An adder (D:3)
  An orc (D:3)
  2 endoplasms (D:3)
  A giant cockroach (D:3)
  2 hobgoblins
  A jackal (D:3)
  A quokka (D:3)
  2 ball pythons (D:3)
  2 bats (D:3)
  2 goblins (D:3)
  A kobold (D:3)
  2 rats (D:3)
24 creatures vanquished.

Vanquished Creatures (others)
  A water moccasin skeleton (D:5)
1 creature vanquished.

Grand Total: 25 creatures vanquished

Table legend:
 A = Non-vault XP
 B = Vault XP
 C = Vault XP percentage of total XP
 D = Non-vault monster count
 E = Vault monster count
 F = Vault count percentage of total count
                 A         B        C        D         E       F
            +---------+---------+-------+---------+---------+-------
      Total |     167 |       8 |   4.6 |      19 |       5 |  20.8
            +---------+---------+-------+---------+---------+-------
        D:3 |     165 |       8 |   4.6 |      18 |       5 |  21.7
        D:4 |       2 |       0 |   0.0 |       1 |       0 |   0.0
            +---------+---------+-------+---------+---------+-------

Illustrated notes

Table legend:
 A = Kills in this place as a percentage of kills in entire the game.
 B = Kills by you in this place as a percentage of kills by you in the entire game.
 C = Kills by friends in this place as a percentage of kills by friends in the entire game.
 D = Other kills in this place as a percentage of other kills in the entire game.
 E = Experience gained in this place as a percentage of experience gained in the entire game.
 F = Experience gained in this place divided by the number of levels of this place that you have seen.
                   A       B       C       D       E      F
               +-------+-------+-------+-------+-------+----------------------
         Total | 100.0 | 100.0 |   N/A |   N/A | 100.0 |  43.8
       Dungeon | 100.0 | 100.0 |   N/A |   N/A | 100.0 |  43.8
               +-------+-------+-------+-------+-------+----------------------

Table legend: (Time is in decaauts)
 A = Elapsed time spent in this place.
 B = Non-inter-level travel time spent in this place.
 C = Inter-level travel time spent in this place.
 D = Time resting spent in this place.
 E = Time spent auto-exploring this place.
 F = Levels seen in this place.
 G = Mean time per level.
                   A        B        C        D        E       F      G
               +--------+--------+--------+--------+--------+-----+--------+
         Total |   1731 |   1689 |     42 |    619 |    775 |   4 |  432.8 |
       Dungeon |   1731 |   1689 |     42 |    619 |    775 |   4 |  432.8 |
               +--------+--------+--------+--------+--------+-----+--------+

Top non-repeatable levels by time:
     D:3: 1015 daAuts
     D:6: 359 daAuts
     D:5: 221 daAuts
     D:4: 135 daAuts
